[Event "ICC Open 2015"]
[Site "Internet Chess Club"]
[Date "2015.05.30"]
[Round "7"]
[White "chessdjw"]
[Black "maly"]
[Result "1-0"]
[ICCResult "Black forfeits on time"]
[WhiteElo "2377"]
[BlackElo "2546"]
[Opening "King's Indian: 6.Be2"]
[ECO "E91"]
[NIC "KI.19"]
[Time "15:23:25"]
[TimeControl "180+0"]

1. Nf3 g6 2. d4 Bg7 3. c4 Nf6 4. Nc3 O-O 5. e4 d6 6. Be2 c5 7. O-O cxd4 8.
Nxd4 Nc6 9. Be3 Bd7 10. Nc2 Rc8 11. Qd2 a6 12. f3 Qa5 13. Rab1 Ne5 14. b4
Qd8 15. Na3 Be6 16. Nd5 Ned7 17. Rbc1 a5 18. bxa5 Nc5 19. Nb5 Nfd7 20. Bg5
f6 21. Be3 Bf7 22. Rb1 Ra8 23. Ndc7 Rc8 24. Nd5 Ra8 25. Ndc7 Rc8 26. Nd5 Ra8
27. Ndc7 Rb8 28. Nd5 Ne5 29. Bd4 Nc6 30. Bc3 Ra8 31. Nb6 Ra6 32. Rfd1 Na4
33. f4 Nxc3 34. Nxc3 Rxa5 35. Ncd5 Ra3 36. Rb3 Ra7 37. Bg4 e6 38. Nc3 f5 39.
exf5 gxf5 40. Bf3 Bd4+ 41. Kh1 Bxb6 42. Qe1 Nd4 43. Nb5 Nxb3 44. axb3 Bc5
45. Nxa7 Bxa7 46. Bxb7 Kh8 47. Bf3 Rg8 48. b4 Qc7 49. Qe2 e5 50. fxe5 dxe5
51. c5 e4 52. Qb2+ Rg7 53. Be2 Bb8 54. g3 f4 55. Bc4 Bxc4 56. c6 Qxc6 57.
Rd8+ Bg8 58. Kg1 Ba7+ 59. Kg2 fxg3 60. Rxg8+ Kxg8 61. Qb3+ Kh8 62. Qg8+ Rxg8
63. Kh3 Qc2 64. hxg3 Qf2 65. g4 {Black forfeits on time} 1-0

[Event "ICC Open 2015"]
[Site "Internet Chess Club"]
[Date "2015.05.30"]
[Round "7"]
[White "Chiraakk"]
[Black "PerMag"]
[Result "1-0"]
[ICCResult "Black forfeits on time"]
[WhiteElo "1621"]
[BlackElo "1723"]
[Opening "Dutch: Leningrad, main variation with c6"]
[ECO "A88"]
[NIC "HD.08"]
[Time "15:23:39"]
[TimeControl "180+0"]

1. d4 f5 2. g3 Nf6 3. c4 g6 4. Nc3 Bg7 5. Nf3 O-O 6. Bg2 d6 7. O-O c6 8. b3
Qc7 9. Bb2 a5 10. Rc1 Na6 11. Re1 e5 12. dxe5 dxe5 13. e4 Rd8 14. Qe2 fxe4
15. Nxe4 Nxe4 16. Qxe4 Nc5 17. Qe3 Nd3 18. Bc3 Nxe1 19. Rxe1 Re8 20. Nxe5
Bf5 21. f4 Rad8 22. Bd4 Qd6 23. Bb6 Ra8 24. Bc5 Qc7 25. Qd4 Rad8 26. Qe3
Bxe5 27. fxe5 Re6 28. Bb6 Qd7 29. Bxd8 Qxd8 30. h3 Re7 31. Kh2 b6 32. Bxc6
Qc7 33. Bd5+ Kg7 34. Qd4 Kf8 35. Rf1 Ke8 36. g4 Be6 37. Rf6 Bxd5 38. cxd5
Qxe5+ 39. Qxe5 Rxe5 40. Rxb6 Rxd5 41. Rb7 Rd2+ 42. Kg3 Rxa2 43. Ra7 Ra3 44.
Rxh7 Rxb3+ 45. Kh4 a4 46. Kg5 a3 47. h4 a2 48. Ra7 {Black forfeits on time}
1-0

[Event "ICC Open 2015"]
[Site "Internet Chess Club"]
[Date "2015.05.30"]
[Round "7"]
[White "Federicov"]
[Black "olimpus"]
[Result "1-0"]
[ICCResult "Black resigns"]
[WhiteElo "3087"]
[BlackElo "2783"]
[Opening "Modern defense: Averbakh system"]
[ECO "B06"]
[NIC "KF.04"]
[Time "15:24:39"]
[TimeControl "180+0"]

1. e4 g6 2. d4 Bg7 3. c4 d6 4. Nc3 e5 5. Nf3 exd4 6. Nxd4 Nc6 7. Be3 Nge7 8.
Be2 O-O 9. O-O f5 10. Nxc6 Nxc6 11. exf5 Bxf5 12. Bf3 Kh8 13. Bxc6 bxc6 14.
Bd4 c5 15. Bxg7+ Kxg7 16. Qd2 Be6 17. b3 Qf6 18. Rfe1 a6 19. Ne4 Qf5 20. Re3
Bd7 21. Rae1 Rae8 22. Qc3+ Qe5 23. Qa5 Rf7 24. Qxc7 Qb2 25. Rf1 Bf5 26.
Qxf7+ Kxf7 27. Nxd6+ Kg7 28. Nxe8+ Kh6 29. Nd6 Bb1 30. Rfe1 Bxa2 31. Nf7+
Kg7 32. Ng5 Bxb3 33. Re7+ Kf6 34. h4 Bxc4 35. Nxh7+ Kf5 36. R1e3 Bd5 37. Re8
Qa1+ 38. Kh2 g5 39. Nxg5 Qd4 40. Rf8+ Kg6 41. Rg3 Qxh4+ 42. Nh3+ Kh7 43. Rf4
Qh5 44. Rgg4 {Black resigns} 1-0

[Event "ICC Open 2015"]
[Site "Internet Chess Club"]
[Date "2015.05.30"]
[Round "7"]
[White "Piranha"]
[Black "gauss"]
[Result "0-1"]
[ICCResult "White forfeits on time"]
[WhiteElo "1731"]
[BlackElo "2042"]
[Opening "Vienna gambit"]
[ECO "C29"]
[NIC "VG.03"]
[Time "15:24:18"]
[TimeControl "180+0"]

1. e4 e5 2. Nc3 Nf6 3. f4 d5 4. fxe5 Nxe4 5. Nf3 Nxc3 6. dxc3 Be7 7. Bf4 Be6
8. Bd3 c5 9. Qd2 Nc6 10. O-O h6 11. Rae1 O-O 12. Kh1 Re8 13. Bxh6 gxh6 14.
Qxh6 Bf8 15. Qh5 Bg7 16. Ng5 Nxe5 17. Rxe5 Qd6 18. Rxe6 Rxe6 19. Qh7+ Kf8
20. Rxf7+ Ke8 21. Qg8+ Bf8 22. Rxf8+ Qxf8 23. Qxe6+ Qe7 24. Bg6+ Kd8 25.
Qxd5+ Qd7 26. Ne6+ Ke7 27. Qg5+ Kd6 28. Bf5 Qe7 29. Qf4+ Kc6 30. g4 Qd6 31.
Qa4+ Kb6 32. c4 Qd1+ 33. Kg2 Qe2+ 34. Kg3 Qe3+ 35. Kg2 Qd2+ 36. Kg3 Qd6+ 37.
Kg2 a6 38. Qb3+ Ka7 39. Qe3 b6 40. Qe4 Rd8 41. h4 Qd2+ {White forfeits on
time} 0-1

[Event "ICC Open 2015"]
[Site "Internet Chess Club"]
[Date "2015.05.30"]
[Round "7"]
[White "obt"]
[Black "Svinotigr"]
[Result "0-1"]
[ICCResult "White forfeits on time"]
[WhiteElo "1932"]
[BlackElo "1710"]
[Opening "King's pawn opening"]
[ECO "B07"]
[NIC "VO.17"]
[Time "15:23:39"]
[TimeControl "180+0"]

1. e4 d6 2. Nc3 Nd7 3. d4 e5 4. dxe5 dxe5 5. Bc4 g6 6. Nge2 Bg7 7. O-O Ngf6
8. Bg5 O-O 9. Qd2 h5 10. Rad1 Re8 11. Qe3 Qe7 12. h3 c6 13. Bb3 a5 14. Rd2
Nc5 15. Na4 Nxa4 16. Bxa4 b5 17. Bb3 a4 18. Rfd1 axb3 19. axb3 Qc7 20. Qc5
Nxe4 21. Qe3 Nxd2 22. Qxd2 Bf5 23. Ng3 Be6 24. Qe3 f6 25. Bh6 h4 26. Ne4 Bd5
27. Nc3 Rad8 28. Re1 b4 29. Ne2 Be6 30. Qc5 Bxh6 31. Rf1 Bf8 32. Qe3 Kg7 33.
c4 Bf5 34. Nc1 Qd6 35. Qe1 Qd2 36. Ne2 Qxe1 37. Rxe1 Bc2 38. Nc1 Rd2 39. g4
Bc5 40. Rf1 Bd3 41. Nxd3 Rxd3 42. Kg2 Red8 43. Rc1 Rxb3 44. Rb1 Rdd3 45. Kg1
Rxh3 46. Kf1 Rhf3 47. Ke2 h3 {White forfeits on time} 0-1

[Event "ICC Open 2015"]
[Site "Internet Chess Club"]
[Date "2015.05.30"]
[Round "7"]
[White "blackending"]
[Black "johnny197"]
[Result "1-0"]
[ICCResult "Black checkmated"]
[WhiteElo "1706"]
[BlackElo "1367"]
[Opening "Robatsch (modern) defense"]
[ECO "B06"]
[NIC "KF.05"]
[Time "15:24:34"]
[TimeControl "180+0"]

1. e4 g6 2. d4 Bg7 3. c4 c5 4. d5 d6 5. f4 Qb6 6. Qc2 Nf6 7. Bd3 O-O 8. h3
Nbd7 9. Nf3 h5 10. Bd2 Nxe4 11. Bxe4 Qxb2 12. Qxb2 Bxb2 13. Bc3 Bxa1 14.
Bxa1 Nf6 15. Bc2 a6 16. O-O b5 17. Bd3 bxc4 18. Bxc4 Bb7 19. Nc3 Rab8 20.
Re1 Rfe8 21. Ng5 Kf8 22. Rd1 Nd7 23. Na4 Nf6 24. Nb6 Red8 25. Bxf6 exf6 26.
Nh7+ Kg7 27. Nxf6 Kxf6 28. a4 Kg7 29. a5 Re8 30. Rb1 Re7 31. Kf2 f5 32. Rb3
Re4 33. g3 Rxc4 34. Nxc4 Kf7 35. Nxd6+ Ke7 36. Nxb7 Kd7 37. Nxc5+ Kc7 38.
Rxb8 Kxb8 39. d6 Kc8 40. d7+ Kd8 41. Ke3 Kc7 42. Kd4 Kd8 43. Kd5 Ke7 44. Kc6
Kd8 45. Kd6 g5 46. Nb7# {Black checkmated} 1-0

[Event "ICC Open 2015"]
[Site "Internet Chess Club"]
[Date "2015.05.30"]
[Round "7"]
[White "hAutAjArvi"]
[Black "nitishdas"]
[Result "0-1"]
[ICCResult "White forfeits on time"]
[WhiteElo "2054"]
[BlackElo "1819"]
[Opening "Sicilian, Chekhover variation"]
[ECO "B53"]
[NIC "SI.02"]
[Time "15:23:36"]
[TimeControl "180+0"]

1. e4 c5 2. Nf3 d6 3. d4 cxd4 4. Qxd4 Nc6 5. Bb5 Bd7 6. Bxc6 Bxc6 7. Nc3 Nf6
8. Bg5 Nd7 9. O-O-O Qc7 10. Nd5 Bxd5 11. exd5 O-O-O 12. Rd3 Kb8 13. Rc3 Qa5
14. a3 h6 15. Bd2 Qa6 16. Re1 Rg8 17. h4 Nc5 18. Qf4 g6 19. Qxf7 Bg7 20.
Rxe7 Bxc3 21. Bxc3 Qf1+ 22. Re1 Qxf2 23. Bd4 Rgf8 24. Qxg6 Rg8 25. Qf6 Qxg2
26. Bxc5 dxc5 27. Ne5 Qxd5 28. Nd3 c4 29. Qf4+ Ka8 30. Nb4 Qd4 31. Qxh6 Qf2
32. Qe6 a5 33. Nd5 Rge8 34. Nc7+ Ka7 35. Nxe8 Qd2+ 36. Kb1 c3 37. Qe3+ Qxe3
38. Rxe3 Rd1+ 39. Ka2 cxb2 40. Kxb2 Rd2 {White forfeits on time} 0-1

[Event "ICC Open 2015"]
[Site "Internet Chess Club"]
[Date "2015.05.30"]
[Round "7"]
[White "Doondoon"]
[Black "f8"]
[Result "1-0"]
[ICCResult "Black forfeits on time"]
[WhiteElo "1787"]
[BlackElo "1404"]
[Opening "QGD: 4.Bg5 Be7"]
[ECO "D53"]
[NIC "QO.13"]
[Time "15:24:08"]
[TimeControl "180+0"]

1. d4 d5 2. c4 e6 3. Nc3 Nf6 4. Bg5 Be7 5. e3 c6 6. Nf3 Nbd7 7. Bd3 h6 8.
Bh4 a6 9. O-O O-O 10. Rc1 dxc4 11. Bxc4 b5 12. Bd3 Bb7 13. a4 b4 14. Ne2 a5
15. b3 Rc8 16. Nf4 c5 17. Bc4 cxd4 18. exd4 Bd6 19. Nh5 Be7 20. Nxf6+ Bxf6
21. Bxf6 Qxf6 22. Re1 Bxf3 23. gxf3 Nb6 24. Kh1 Rfd8 25. Re4 Rd6 26. Rc2
Rcd8 27. Rd2 Nd5 28. Bxd5 Rxd5 29. Kg2 Qg5+ 30. Kh1 R8d6 31. Qe2 Qd8 32. Qe3
Qd7 33. f4 f6 34. Kg2 e5 35. fxe5 fxe5 36. dxe5 {Black forfeits on time} 1-0

[Event "ICC Open 2015"]
[Site "Internet Chess Club"]
[Date "2015.05.30"]
[Round "7"]
[White "TapculescuM"]
[Black "moonriver"]
[Result "1-0"]
[ICCResult "Black forfeits on time"]
[WhiteElo "1841"]
[BlackElo "1432"]
[Opening "Queen's pawn game, Darooha variation "]
[ECO "D02"]
[NIC "QP.08"]
[Time "15:23:57"]
[TimeControl "180+0"]

1. d4 d5 2. Nf3 Nf6 3. g3 Bg4 4. Ne5 Bf5 5. Bg2 Nbd7 6. O-O e6 7. b3 Bd6 8.
Bb2 Bxe5 9. dxe5 Ne4 10. f3 Nec5 11. Nd2 c6 12. c4 O-O 13. b4 Na6 14. a3 b5
15. cxb5 cxb5 16. e4 dxe4 17. Nxe4 Bxe4 18. fxe4 Nb6 19. Qh5 g6 20. Qh6 Qe7
21. Bc1 Rfc8 22. Bg5 Qf8 23. Qh4 Nd7 24. Bf6 Nxf6 25. exf6 Nc7 26. g4 Rd8
27. Rf3 Kh8 28. Rh3 Qg8 29. g5 Ne8 30. Rf1 Rac8 31. Rff3 Rc1+ 32. Bf1 Rdd1
33. Qh6 Nd6 34. Rh4 {Black forfeits on time} 1-0

[Event "ICC Open 2015"]
[Site "Internet Chess Club"]
[Date "2015.05.30"]
[Round "7"]
[White "eddington"]
[Black "regenmaker"]
[Result "1-0"]
[ICCResult "Black forfeits on time"]
[WhiteElo "2164"]
[BlackElo "1856"]
[Opening "Caro-Kann: classical, Spassky variation"]
[ECO "B19"]
[NIC "CK.12"]
[Time "15:23:44"]
[TimeControl "180+0"]

1. e4 c6 2. d4 d5 3. Nc3 dxe4 4. Nxe4 Bf5 5. Ng3 Bg6 6. h4 h6 7. Nf3 Nd7 8.
h5 Bh7 9. Bd3 Bxd3 10. Qxd3 Qc7 11. Bd2 O-O-O 12. O-O-O Ngf6 13. Ne4 e6 14.
g3 Nxe4 15. Qxe4 Nf6 16. Qe2 Kb8 17. c4 c5 18. Bc3 cxd4 19. Nxd4 a6 20. Kb1
Bd6 21. Rc1 Rc8 22. Bd2 Qc5 23. Be3 Rhd8 24. Ka1 Qe5 25. c5 Rxc5 26. Rxc5
Qxc5 27. Rc1 Qxh5 28. Nc6+ bxc6 29. Qxa6 Qb5 30. Qa7+ Kc8 31. Qxf7 Be5 32.
Qxe6+ Kb7 33. Qe7+ Rd7 34. Qa3 Nd5 35. Bc5 Bxb2+ 36. Qxb2 Qxb2+ 37. Kxb2 Nb6
38. Kb3 Rd2 39. Re1 Nd5 40. Re8 Rd3+ 41. Kb2 Rf3 42. Rg8 g5 43. Rg7+ Ka6 44.
Rg6 Kb5 45. Ba7 c5 46. Rxh6 Rxf2+ 47. Kc1 {Black forfeits on time} 1-0

[Event "ICC Open 2015"]
[Site "Internet Chess Club"]
[Date "2015.05.30"]
[Round "7"]
[White "TacticsTime"]
[Black "Smokie"]
[Result "0-1"]
[ICCResult "White forfeits on time"]
[WhiteElo "1295"]
[BlackElo "1437"]
[Opening "Sicilian: closed"]
[ECO "B23"]
[NIC "SI.44"]
[Time "15:24:09"]
[TimeControl "180+0"]

1. e4 c5 2. Nc3 g6 3. f4 Bg7 4. Bc4 Nc6 5. Nf3 d6 6. f5 gxf5 7. d3 fxe4 8.
dxe4 Bxc3+ 9. bxc3 Nf6 10. O-O Bg4 11. Qe1 Bxf3 12. Rxf3 a6 13. a4 Ne5 14.
Rxf6 exf6 15. Bd5 Rb8 16. Qh4 Qe7 17. Bh6 Rg8 18. Kh1 f5 19. exf5 Qxh4 20.
Bd2 Qg4 21. f6 Nd7 22. Re1+ Ne5 23. h3 Qg3 24. Re3 Qg5 25. Rxe5+ Qxe5 26. c4
Qxf6 27. Ba5 Qa1+ 28. Kh2 Qe5+ 29. Kh1 Qxd5 30. cxd5 b6 31. Bd2 Rg3 32. Bh6
Kd7 {White forfeits on time} 0-1

[Event "ICC Open 2015"]
[Site "Internet Chess Club"]
[Date "2015.05.30"]
[Round "7"]
[White "DanielDelPaso"]
[Black "legatus"]
[Result "1-0"]
[ICCResult "Black checkmated"]
[WhiteElo "2697"]
[BlackElo "2314"]
[Opening "Catalan opening"]
[ECO "E00"]
[NIC "CA.01"]
[Time "15:24:21"]
[TimeControl "180+0"]

1. d4 Nf6 2. c4 e6 3. g3 Be7 4. Bg2 O-O 5. e4 d6 6. Ne2 Nbd7 7. O-O Rb8 8.
Nbc3 b6 9. h3 Bb7 10. f4 Ne8 11. f5 a6 12. Be3 c5 13. fxe6 fxe6 14. d5 e5
15. g4 Bg5 16. Qd2 Bxe3+ 17. Qxe3 Qe7 18. Ng3 g6 19. g5 Ng7 20. h4 Rbe8 21.
Bh3 Bc8 22. a3 Nb8 23. Bxc8 Rxc8 24. Kg2 Nd7 25. Qe2 Rf4 26. Qe3 Rcf8 27.
Nce2 R4f7 28. b4 Rxf1 29. Rxf1 Rxf1 30. Kxf1 Nh5 31. Nxh5 gxh5 32. Ng3 Qf7+
33. Qf2 Qxf2+ 34. Kxf2 b5 35. cxb5 axb5 36. Nxh5 Kf7 37. Ng3 Nb6 38. Nf5 Nc4
39. Kf3 Ke8 40. h5 Kf7 41. Nxd6+ Nxd6 42. bxc5 Nb7 43. c6 Nd6 44. c7 Ke8 45.
Kg4 Ke7 46. h6 Kf7 47. Kh5 Nc8 48. g6+ hxg6+ 49. Kg5 Nd6 50. h7 Kg7 51.
h8=Q+ Kxh8 52. Kxg6 Kg8 53. Kf6 Kf8 54. Ke6 Nc8 55. d6 b4 56. axb4 Nb6 57.
d7 Kg7 58. d8=Q Nc4 59. Qf6+ Kh7 60. c8=Q Nd6 61. Qch8# {Black checkmated}
1-0

[Event "ICC Open 2015"]
[Site "Internet Chess Club"]
[Date "2015.05.30"]
[Round "7"]
[White "ShcherbinMatvei"]
[Black "Glamurius"]
[Result "1-0"]
[ICCResult "Black forfeits on time"]
[WhiteElo "2772"]
[BlackElo "3001"]
[Opening "Robatsch (modern) defense"]
[ECO "B06"]
[NIC "KF.05"]
[Time "15:23:30"]
[TimeControl "180+0"]

1. e4 g6 2. d4 Bg7 3. Nc3 d6 4. Bg5 h6 5. Be3 a6 6. Qd2 b5 7. Bd3 Nd7 8. Nf3
Bb7 9. O-O e6 10. a3 Ngf6 11. b4 Ng4 12. Bf4 e5 13. dxe5 Ndxe5 14. Nxe5 dxe5
15. Bg3 h5 16. Qe2 Qd4 17. Nd5 Bxd5 18. exd5 O-O 19. Rfd1 Qc3 20. h3 Nh6 21.
f3 Rad8 22. Be1 Qd4+ 23. Bf2 Qf4 24. Be3 Qg3 25. Bf2 Qg5 26. c4 bxc4 27.
Bxc4 Nf5 28. Bxa6 Nd4 29. Qd3 Rxd5 30. Bc4 Rd6 31. Qe4 Kh7 32. Bxd4 exd4 33.
Ra2 f5 34. Qe2 Rd7 35. Qf2 Re7 36. a4 Rfe8 37. f4 Qf6 38. a5 Qd6 39. b5 Qc5
40. Rc2 Qb4 41. a6 Re1+ 42. Rxe1 Rxe1+ 43. Kh2 Ra1 44. Bf7 Qb1 45. Rc6 Qh1+
46. Kg3 Ra3+ 47. Kh4 Re3 48. Bxg6+ Kh8 49. Bxh5 Qb1 50. a7 Qa1 51. Qc2 Qxa7
52. Qc4 Qb8 53. Qd5 Qf8 54. Qf7 Bf6+ 55. Qxf6+ {Black forfeits on time} 1-0

[Event "ICC Open 2015"]
[Site "Internet Chess Club"]
[Date "2015.05.30"]
[Round "7"]
[White "leonardoalmeida"]
[Black "Sjelan"]
[Result "0-1"]
[ICCResult "White resigns"]
[WhiteElo "1838"]
[BlackElo "2185"]
[Opening "Van't Kruijs opening"]
[ECO "A00"]
[Time "15:24:17"]
[TimeControl "180+0"]

1. e3 c5 2. b3 Nf6 3. Bb2 g6 4. Nf3 Bg7 5. d4 cxd4 6. Bxd4 O-O 7. Be2 Nc6 8.
Bb2 d5 9. O-O Qc7 10. c4 Rd8 11. cxd5 Nxd5 12. Qc1 Bxb2 13. Qxb2 Bg4 14. Na3
Ndb4 15. Rad1 a6 16. Nc4 b5 17. Ncd2 Rac8 18. Rc1 Qd6 19. a3 Nd3 20. Bxd3
Qxd3 21. Rc3 Qd7 22. Rfc1 Bxf3 23. gxf3 Qxd2 24. Qxd2 Rxd2 25. Rxc6 Rxc6 26.
Rxc6 Rd3 27. Rxa6 Rxb3 28. f4 e6 29. Ra7 Kg7 30. Kg2 h5 31. h4 Rb2 32. Kf3
Kf6 33. Ra5 Rb3 34. Ra6 Rb2 35. Ra5 Ra2 36. Rxb5 Rxa3 37. Rc5 Kg7 38. Rb5
Ra7 39. Rc5 Ra6 40. Rb5 Ra1 41. Rc5 Rg1 42. Rb5 Rg4 43. Rb7 Rxh4 44. Rc7 Rh1
45. Rb7 Rg1 46. Rb2 h4 47. Ke4 h3 48. f3 Rg2 49. Rb1 h2 50. Rh1 Rd2 51. Ke5
Rf2 52. e4 Re2 53. Kd4 Kf6 54. Kd3 Rg2 55. Ke3 g5 56. fxg5+ Kxg5 57. f4+ Kg4
58. f5 exf5 59. exf5 Kg3 60. Ke4 Rg1 61. Rxh2 Kxh2 62. Ke5 Rf1 63. Kf6 Kg3
64. Kxf7 Rxf5+ 65. Ke6 Kg4 66. Kd6 Kg5 67. Ke6 Kg6 68. Kd6 Kf6 69. Kc6 Ke6
70. Kc7 Rc5+ 71. Kb6 Kd6 72. Kb7 Rb5+ 73. Kc8 Rb6 {White resigns} 0-1

[Event "ICC Open 2015"]
[Site "Internet Chess Club"]
[Date "2015.05.30"]
[Round "7"]
[White "livis"]
[Black "Art"]
[Result "0-1"]
[ICCResult "White forfeits on time"]
[WhiteElo "1922"]
[BlackElo "2316"]
[Opening "Caro-Kann: advance variation"]
[ECO "B12"]
[NIC "CK.04"]
[Time "15:24:17"]
[TimeControl "180+0"]

1. e4 c6 2. d4 d5 3. e5 Bf5 4. Nf3 e6 5. Bd3 Bxd3 6. Qxd3 Qb6 7. O-O c5 8.
c3 Nc6 9. b3 Rc8 10. Be3 cxd4 11. Bxd4 Nxd4 12. cxd4 Nh6 13. Nbd2 Be7 14. h3
O-O 15. Rfc1 Ba3 16. Rxc8 Rxc8 17. Nf1 Nf5 18. Ne3 Nxe3 19. Qxe3 h6 20. Re1
Rc2 21. Re2 Qc6 22. Rxc2 Qxc2 23. Qd2 Qb1+ 24. Kh2 Bb2 25. a4 b6 26. h4 Ba1
27. Qe3 Qe4 28. Qd2 a5 29. Kg1 Kh7 30. Kh2 Kg8 31. Kg1 Qb1+ 32. Kh2 Qe4 33.
Qd1 Bc3 34. Kg1 Qf4 35. Qd3 Bb4 36. Qc2 g5 37. hxg5 hxg5 38. Qc8+ Kg7 39.
Qd8 g4 40. Ng5 Bd2 41. Nxe6+ fxe6 42. Qxb6 Qf7 43. g3 Be1
{White forfeits on time}
0-1

[Event "ICC Open 2015"]
[Site "Internet Chess Club"]
[Date "2015.05.30"]
[Round "7"]
[White "suilven"]
[Black "EbbeK"]
[Result "1-0"]
[ICCResult "Black forfeits on time"]
[WhiteElo "1850"]
[BlackElo "1511"]
[Opening "two knights defense: Wilkes Barre (Traxler) variation"]
[ECO "C57"]
[NIC "KP.01"]
[Time "15:23:49"]
[TimeControl "180+0"]

1. e4 e5 2. Nf3 Nc6 3. Bc4 Nf6 4. Ng5 Bc5 5. O-O O-O 6. c3 d5 7. exd5 Nxd5
8. d4 exd4 9. Nxh7 Kxh7 10. Qh5+ Kg8 11. Qxd5 Qxd5 12. Bxd5 Ne5 13. Rd1 dxc3
14. Nxc3 Bg4 15. Rf1 c6 16. Be4 Rad8 17. h3 Be6 18. Bf4 Nd3 19. Bxd3 Rxd3
20. Rad1 Rfd8 21. Rxd3 Rxd3 22. a3 Bd4 23. Rd1 Rxd1+ 24. Nxd1 Bb3 25. Nc3
Bxc3 26. bxc3 b6 27. Kf1 c5 28. Ke2 f5 29. Bb8 a6 30. Ba7 b5 31. Bxc5 Kf7
32. Ke3 Ke6 33. g3 g6 34. Bd4 Kd5 35. h4 Bc2 36. Kf4 Ke6 37. Kg5 Kf7 38. f4
Be4 39. Bc5 Bd3 40. Bb4 Be4 41. h5 Bd3 42. hxg6+ Kg7 43. Bc5
{Black forfeits on time}
1-0

[Event "ICC Open 2015"]
[Site "Internet Chess Club"]
[Date "2015.05.30"]
[Round "7"]
[White "bythebook"]
[Black "motipen"]
[Result "0-1"]
[ICCResult "White forfeits on time"]
[WhiteElo "1624"]
[BlackElo "1916"]
[Opening "Pirc: classical (two knights) system"]
[ECO "B08"]
[NIC "PU.10"]
[Time "15:24:45"]
[TimeControl "180+0"]

1. e4 d6 2. d4 Nf6 3. Nc3 g6 4. Nf3 Bg7 5. Bg5 c6 6. Qd2 b5 7. Bd3 Nbd7 8.
O-O O-O 9. Ne2 e5 10. c3 Re8 11. Ng3 Qc7 12. Rfe1 Bb7 13. Rad1 d5 14. dxe5
Nxe5 15. Nxe5 Qxe5 16. exd5 Qxd5 17. Rxe8+ Rxe8 18. Qc2 Qxa2 19. h4 Bc8 20.
h5 Be6 21. Re1 Qd5 22. b4 Qd7 23. Rd1 Nd5 24. Ne4 Bf5 25. h6 Bh8 26. Ng3
Nxc3 {White forfeits on time} 0-1

[Event "ICC Open 2015"]
[Site "Internet Chess Club"]
[Date "2015.05.30"]
[Round "7"]
[White "nihil95"]
[Black "Ancient"]
[Result "0-1"]
[ICCResult "White forfeits on time"]
[WhiteElo "1818"]
[BlackElo "2119"]
[Opening "French: advance, Euwe variation"]
[ECO "C02"]
[NIC "FR.03"]
[Time "15:23:55"]
[TimeControl "180+0"]

1. e4 e6 2. d4 d5 3. e5 c5 4. c3 Nc6 5. Nf3 Bd7 6. Be2 f6 7. O-O fxe5 8.
Nxe5 Nxe5 9. dxe5 Qc7 10. Bg5 Ne7 11. Nd2 Qxe5 12. Nf3 Qd6 13. a4 O-O-O 14.
b4 c4 15. Nd4 h6 16. Bh4 e5 17. Nb5 Bxb5 18. axb5 Kb8 19. Qa4 Qb6 20. Kh1 g5
21. Bg3 Nf5 22. Rfd1 Nxg3+ 23. fxg3 Rh7 24. Bxc4 dxc4 25. Rxd8+ Qxd8 26.
Qxa7+ Kc7 27. Qa5+ Kc8 28. Qa8+ Kc7 29. Qa5+ b6 30. Qa7+ Kc8 31. Qxh7 Be7
32. Ra8+ Kd7 33. Rxd8+ Kxd8 34. Qxh6 Kc7 35. Qe6 Bd6 36. Qf5 g4 37. Kg1 Bxb4
38. Kf2 Bc5+ 39. Ke2 Bd6 40. Qe4 Kd7 41. Qxg4+ Ke7 42. Qe4 Ke6 43. Qxc4+ Kf5
44. Qd5 Bc5 45. Qc6 e4 46. h4 Ke5 47. g4 e3 48. h5 Kf4 49. h6 Kg3 50. h7 Kh2
51. h8=Q+ Kg1 52. Qg7 Bd4 53. Qd5 Bxg7 54. Qe4 Bxc3 55. g5 Bd2 56. g6 Kh2
57. g3 Be1 58. g4 Bg3 59. g7 Be5 {White forfeits on time} 0-1

[Event "ICC Open 2015"]
[Site "Internet Chess Club"]
[Date "2015.05.30"]
[Round "7"]
[White "saya"]
[Black "Chaos23"]
[Result "1-0"]
[ICCResult "Black checkmated"]
[WhiteElo "2556"]
[BlackElo "2062"]
[Opening "Queen's pawn game"]
[ECO "D02"]
[NIC "QP.08"]
[Time "15:24:20"]
[TimeControl "180+0"]

1. d4 d5 2. Nf3 e6 3. Bf4 Bd6 4. Bg3 Nf6 5. c3 O-O 6. Nbd2 Nbd7 7. e3 Re8 8.
Ne5 Ne4 9. Bd3 f5 10. Ndf3 Qf6 11. Nxd7 Bxd7 12. Be5 Qh6 13. Qe2 a5 14. a4
g5 15. Bxd6 cxd6 16. O-O g4 17. Ne1 Kh8 18. f4 g3 19. h3 Re7 20. Nf3 Be8 21.
Bxe4 fxe4 22. Nd2 Bd7 23. b4 axb4 24. cxb4 Rxa4 25. Rxa4 Bxa4 26. Ra1 b5 27.
Rc1 Qf8 28. Qg4 Qg8 29. Qh4 Rg7 30. Qf6 Qe8 31. Rc7 Qg8 32. h4 Bd1 33. Nf1
Bh5 34. Nxg3 Bf7 35. h5 h6 36. Qxh6+ Rh7 37. Qf6+ Qg7 38. Rxf7 Qxf6 39. Rxf6
Rc7 40. Rxe6 Rc4 41. h6 Rxb4 42. Re7 Rb3 43. Nf5 b4 44. Nh4 Rxe3 45. Ng6+
Kg8 46. Rg7# {Black checkmated} 1-0

[Event "ICC Open 2015"]
[Site "Internet Chess Club"]
[Date "2015.05.30"]
[Round "7"]
[White "muhit"]
[Black "bc18917"]
[Result "1-0"]
[ICCResult "Black forfeits on time"]
[WhiteElo "2024"]
[BlackElo "1758"]
[Opening "QGD Slav: exchange variation, 6.Bf4 Bf5"]
[ECO "D14"]
[NIC "QP.07"]
[Time "15:24:35"]
[TimeControl "180+0"]

1. d4 Nf6 2. c4 c6 3. Nc3 d5 4. cxd5 cxd5 5. Nf3 Bf5 6. Bf4 Nc6 7. e3 e6 8.
Bb5 Bd6 9. Bxd6 Qxd6 10. Ne5 O-O 11. Bxc6 bxc6 12. Qa4 c5 13. Qa3 Rfd8 14.
Nb5 Qb8 15. Nc3 cxd4 16. exd4 Nd7 17. Nc6 Qc7 18. Nxd8 Bd3 19. Nxf7 Kxf7 20.
Nxd5 exd5 21. Qxd3 Re8+ 22. Kf1 Nf6 23. g3 Re4 24. Kg2 h5 25. Rhe1 Qb7 26.
Rac1 {Black forfeits on time} 1-0

[Event "ICC Open 2015"]
[Site "Internet Chess Club"]
[Date "2015.05.30"]
[Round "7"]
[White "Hareaum"]
[Black "Andiamo"]
[Result "0-1"]
[ICCResult "White checkmated"]
[WhiteElo "1728"]
[BlackElo "1450"]
[Opening "Queen's bishop game"]
[ECO "D00"]
[NIC "QP.08"]
[Time "15:24:40"]
[TimeControl "180+0"]

1. d4 d5 2. Bf4 Nf6 3. Nf3 e6 4. e3 c5 5. c3 Nc6 6. Bb5 Bd6 7. Ne5 Bd7 8.
Nxf7 Kxf7 9. Bxd6 Ne4 10. dxc5 a6 11. Bd3 Nxd6 12. cxd6 Ne5 13. O-O Bc6 14.
f4 Nxd3 15. Qxd3 Qxd6 16. f5 e5 17. Nd2 Rhf8 18. e4 Kg8 19. Rad1 Rad8 20.
Nb3 Bb5 21. c4 Bxc4 22. Qxc4 dxc4 23. Rxd6 Rxd6 24. Nc5 b5 25. Ne6 Rxe6 26.
fxe6 Rxf1+ 27. Kxf1 Kf8 28. Ke2 Ke7 29. Kd2 Kxe6 30. Kc3 Kd6 31. Kb4 Kc6 32.
Ka5 Kc5 33. Kxa6 b4 34. a4 bxa3 35. bxa3 c3 36. a4 c2 37. a5 c1=Q 38. Kb7
Kd4 39. a6 Kxe4 40. a7 Qa1 41. a8=Q Qxa8+ 42. Kxa8 Kf4 43. Kb7 e4 44. Kc6 e3
45. Kd5 e2 46. Ke6 e1=Q+ 47. Kf7 Qe5 48. Kg8 Kg5 49. h3 Kh6 50. Kf7 Qf6+ 51.
Kg8 Qg6 52. g4 Qg5 53. Kf7 Qh4 54. Kg8 Qxh3 55. g5+ Kxg5 56. Kh8 h5 57. Kh7
g6 58. Kg7 Qf5 59. Kh7 h4 60. Kh8 h3 61. Kh7 h2 62. Kg8 h1=Q 63. Kg7 Qb7+
64. Kh8 Qfc8# {White checkmated} 0-1

[Event "ICC Open 2015"]
[Site "Internet Chess Club"]
[Date "2015.05.30"]
[Round "7"]
[White "EndgamesMaster"]
[Black "JobbyleHut"]
[Result "1-0"]
[ICCResult "Black forfeits on time"]
[WhiteElo "1717"]
[BlackElo "1383"]
[Opening "King's pawn opening"]
[ECO "B07"]
[NIC "VO.17"]
[Time "15:24:39"]
[TimeControl "180+0"]

1. e4 d6 2. d4 e5 3. dxe5 Nc6 4. exd6 Bxd6 5. Bc4 Qe7 6. Nc3 Be6 7. Nd5 Bxd5
8. Bxd5 Rd8 9. Nf3 Nf6 10. Bg5 h6 11. Bxf6 Qxf6 12. O-O O-O 13. Qe2 Ne5 14.
Nd4 c6 15. Bb3 Bc5 16. Nf5 Rd7 17. Kh1 Rfd8 18. f4 Ng6 19. Qg4 Kh7 20. e5
Qh4 21. Nxh4 Nxh4 22. Qxh4 Rd4 23. Bxf7 R8d7 24. Qh5 Be7 25. h3 Rd2 26. Rad1
{Black forfeits on time}
1-0